 Dungeon Crawl Stone Soup version 0.28-a0-382-g33c4956463 (webtiles) character file.

Game seed: 10973699894978649326

16 porog the Skirmisher (level 2, 0/27 HPs)
             Began as a Minotaur Fighter on Sept 2, 2021.
             Succumbed to a kobold's poison
             ... on level 1 of the Dungeon.
             The game lasted 00:04:11 (683 turns).

porog the Skirmisher (Minotaur Fighter)              Turns: 683, Time: 00:04:12

Health: 0/27       AC:  7    Str: 20    XL:     2   Next: 41%
Magic:  1/1        EV:  9    Int:  5    God:
Gold:   17         SH:  4    Dex:  9    Spells: 1/1 levels left

rFire   . . .      SeeInvis .   a - +0 trident
rCold   . . .      Faith    .   c - +0 buckler
rNeg    . . .      Spirit   .   b - +0 scale mail
rPois   .          Reflect  .   (helmet restricted)
rElec   .          Harm     .   (no cloak)
rCorr   .          Rampage  .   (no gloves)
Will    .....                   (no boots)
Stlth   ..........              (no amulet)
HPRegen 0.09/turn               (no ring)
MPRegen 0.07/turn               (no ring)

@: lethally poisoned (0 -> -1)
A: horns 2, retaliatory headbutt
a: no special abilities


You were on level 1 of the Dungeon.
You visited 1 branch of the dungeon, and saw 2 of its levels.

You collected 17 gold pieces.

Inventory:

Hand Weapons
 a - a +0 trident (weapon)
Missiles
 i - 20 arrows
Armour
 b - a +0 scale mail (worn)
 c - a +0 buckler (worn)
Jewellery
 h - a +6 ring of strength
Scrolls
 e - a scroll of fear {unknown}
Potions
 d - a potion of might
 f - 3 potions of magic {unknown}
 g - a potion of attraction {unknown}


   Skills:
 + Level 3.9 Fighting
 * Level 2.7 Polearms
 + Level 3.9 Armour
 + Level 3.9 Shields


You had one spell level left.
You didn't know any spells.
Your spell library contained the following spells:

 Spells                   Type           Power      Damage    Failure   Level
 Shock                    Conj/Air       0%         1d3       83%         1
 Swiftness                Air            0%         N/A       99%         3
 Airstrike                Air            0%         N/A       100%        4


Dungeon Overview and Level Annotations

Branches:
Dungeon (2/15)

Altars:


Innate Abilities, Weirdness & Mutations

You have a pair of horns on your head.
You reflexively headbutt those who attack you in melee.


Message History

You climb upwards.
There is a stone staircase leading down here.
You see here 20 arrows.
i - 20 arrows You now have 17 gold pieces (gained 14).
You open the door.
There is an open door here.
A kobold comes into view.
It is wielding a +2 short sword of venom.
Found a scroll labelled ZISOW YMORPH.
The kobold shouts!
Found a stone staircase leading down.
You reach to attack!
You barely miss the kobold. You closely miss the kobold.
The kobold barely misses you. The kobold hits you but does no damage.
You are poisoned.
You hit the kobold but do no damage.
You feel very sick.
An endoplasm comes into view.
The kobold barely misses you.
You barely miss the kobold. Your headbutt misses the kobold.
You feel sick.
The kobold hits you with a +2 short sword of venom.
You are lethally poisoned!
You hit the kobold but do no damage. You headbutt the kobold.
You kill the kobold!
You feel very sick.
You feel very sick.
You feel sick.
* * * LOW HITPOINT WARNING * * *
You feel sick.
* * * LOW HITPOINT WARNING * * *
You feel sick.
* * * LOW HITPOINT WARNING * * *
You feel sick.
* * * LOW HITPOINT WARNING * * *
You feel sick.
* * * LOW HITPOINT WARNING * * *
You feel sick.
* * * LOW HITPOINT WARNING * * *
You feel sick.
You die...

.......#..# ###
.......##.######## ## #..
.......'.......... ...>.
.......###.#####.#### .#.###
.......# #.#####.##.. ....?
.......#
#.......##.######..##...
######## #.......##.......)....#
###### #.......##.#...#........
.....# #......@...J...#......#.
.....#####.......##.#.########.#
.................##.#.# #
...<..####.......##.#.# 8....##
###..#.....#.# .....#
##.##.####.# .....# #..#.# ...
.....# ##.#.# ... .....# #...#


You could see an endoplasm.

Vanquished Creatures
  3 ball pythons (D:1)
  An endoplasm (D:2)
  2 goblins (D:1)
  A hobgoblin (D:2)
  A quokka (D:1)
  2 bats (D:2)
  A frilled lizard (D:1)
  3 kobolds
  2 rats (D:1)
16 creatures vanquished.

Notes
Turn   | Place    | Note
-------+----------+-------------------------------------------
     0 | D:1      | porog the Minotaur Fighter began the quest for the Orb.
     0 | D:1      | Reached XP level 1. HP: 19/19 MP: 0/0
    56 | D:2      | Reached XP level 2. HP: 20/27 MP: 1/1
   682 | D:1      | HP: 1/27 [poisoned by a kobold]
   683 | D:1      | Succumbed to a kobold's poison

Illustrated notes

Levels and vault maps discovered:
D:1:      wander_arrival_peaceful_grave, layout_basic, minivault_27
D:2:      minmay_diamond_boxcup, layout_loops_ring, basic_altar, serial_forest,
          infiniplex_forest_diagonal, infiniplex_forest_straight_5,
          infiniplex_forest_clump_C, infiniplex_forest_lined_room_,
          infiniplex_forest_lined_corner, infiniplex_forest_clump_double,
          chequers_ecumenical_altar_island, minmay_ruptured

Action                   || total
-------------------------++-------
Melee: Trident           ||    31
       Headbutt          ||     1
Armor: Scale mail        ||     9
Dodge: Dodged            ||    13
Block: Buckler           ||     3

Table legend: (Time is in decaauts)
 A = Elapsed time spent in this place.
 B = Non-inter-level travel time spent in this place.
 C = Inter-level travel time spent in this place.
 D = Time resting spent in this place.
 E = Time spent auto-exploring this place.
 F = Levels seen in this place.
 G = Mean time per level.
                   A        B        C        D        E       F      G
               +--------+--------+--------+--------+--------+-----+--------+
         Total |    690 |    677 |     13 |    200 |    373 |   2 |  345.0 |
       Dungeon |    690 |    677 |     13 |    200 |    373 |   2 |  345.0 |
               +--------+--------+--------+--------+--------+-----+--------+

Top non-repeatable levels by time:
     D:1: 669 daAuts
     D:2: 20 daAuts
